 Dungeon Crawl Stone Soup version 0.24-a0-368-g0e0cebd0f3 (webtiles) character file.

Game seed: 5577923779168538552

42 emperorscorpion the Cutter (level 3, -8/20 HPs)
             Began as a Vine Stalker Berserker on May 28, 2019.
             Was a Follower of Trog.
             Mangled by an orc wizard
             ... wielding a +0 dagger of electrocution
              (9 damage)
             ... on level 3 of the Dungeon.
             The game lasted 00:01:40 (806 turns).

emperorscorpion the Cutter (Vine Stalker Berserker)  Turns: 806, Time: 00:01:40

Health: -8/20      AC:  6    Str: 20    XL:     3   Next: 56%
Magic:  0/4        EV: 10    Int:  7    God:    Trog [*.....]
Gold:   25         SH:  0    Dex: 13    Spells: 2/2 levels left

rFire    . . .     SeeInvis .   a - +0 short sword
rCold    . . .     Gourm    .   (no shield)
rNeg     . . .     Faith    .   d - +0 scale mail
rPois    .         Spirit   +   (no helmet)
rElec    .         Reflect  .   (no cloak)
rCorr    .         Harm     .   (no gloves)
MR       .....                  (no boots)
Stlth    ..........             (no amulet)
HPRegen  0.06/turn              (no ring)
MPRegen  0.09/turn              (no ring)

@: berserk cooldown, slowed, very slow
A: fangs 2, magic shield, antimagic bite, no potion heal 3, rot immunity
a: Berserk, Renounce Religion


You were on level 3 of the Dungeon.
You worshipped Trog.
Trog was aware of your devotion.
You were hungry.

You visited 1 branch of the dungeon, and saw 4 of its levels.

You collected 25 gold pieces.

Inventory:

Hand Weapons
 a - a +0 short sword (weapon)
Armour
 d - a +0 scale mail (worn)
Wands
 i - a wand of scattershot (2)
Scrolls
 b - 2 scrolls of teleportation {unknown}
 g - 2 scrolls of remove curse {unknown}
Potions
 e - a potion of heal wounds {unknown}
 f - a potion of lignification {unknown}
 j - a potion of might {unknown}
Comestibles
 c - 2 rations
 h - 5 chunks of flesh


   Skills:
 + Level 3.2 Fighting
 + Level 3.3 Short Blades
 + Level 1.8 Armour
 + Level 1.8 Dodging


You had 2 spell levels left.
You didn't know any spells.
Your spell library was empty.

Dungeon Overview and Level Annotations

Branches:
Dungeon (4/15)
 Temple: D:4-7

Altars:


Innate Abilities, Weirdness & Mutations

You have extremely sharp teeth.
When hurt, damage is shared between your health and your magic reserves.
Your bite disrupts and absorbs the magic of your enemies.
Potions cannot restore your health.
You are immune to rotting.


Message History

You are no longer berserk.
You are exhausted.
You feel yourself slow down.
There is a stone staircase leading up here.
The orc wizard closely misses you.
The orc wizard hits you with a +0 dagger of electrocution.
You climb upwards.
The goblin shouts!
An adder comes into view.
There is a stone staircase leading down here.
Unknown command.
You hit the orc wizard. Your bite misses the orc wizard.
The orc wizard is heavily wounded.
The orc wizard hits you with a +0 dagger of electrocution.
You are electrocuted!
* * * LOW HITPOINT WARNING * * *
The orc wizard hits you with a +0 dagger of electrocution.
* * * LOW HITPOINT WARNING * * *
You are electrocuted!
You die...

.. ... #.##.# .
#<..S. g ..... .#
...###.# #g.....#
##.og.# #..@(.#
############
#..(..#.##...#......
#..#..#.##.#.#.####.
#..#....##.#.#.####.
#.....####........<#
##.........#.##)....
#########.#......#.
#.......###
######....#


You could see an orc wizard, an adder and 2 goblins.

Vanquished Creatures
  Ijyb (D:3)
  A dart slug (D:1)
  A leopard gecko (D:1)
  2 goblins (D:1)
  3 hobgoblins
  A kobold (D:1)
  A ball python (D:1)
  2 bats (D:1)
  A frilled lizard (D:1)
  2 rats (D:1)
15 creatures vanquished.

Notes
Turn   | Place    | Note
-------+----------+-------------------------------------------
     0 | D:1      | emperorscorpion the Vine Stalker Berserker began the quest
                  | for the Orb.
     0 | D:1      | Reached XP level 1. HP: 11/11 MP: 2/2
   145 | D:1      | Reached XP level 2. HP: 12/16 MP: 3/3
   690 | D:3      | Noticed Ijyb
   698 | D:3      | Killed Ijyb
   698 | D:3      | Reached XP level 3. HP: 20/20 MP: 1/4
   806 | D:3      | HP: 1/20 [orc wizard/+0 dagger of electrocution (1)]
   806 | D:3      | Mangled by an orc wizard

Levels and vault maps discovered:
D:1:      dpeg_arrival_rhombi, layout_loops_corners
D:2:      layout_basic, uniq_crazy_yiuf_cottage
D:3:      layout_basic, overflow_temple_1_default, uniq_ijyb
D:4:      minmay_chambers_of_twos, layout_loops_ring,
          chequers_temple_overflow_statue_of_worship, lemuel_round_altar,
          nicolae_ossuary_entry_ruins, serial_shops, shop, first_ration,
          minmay_splitting_lines

Skill      XL: |  1  2 |
---------------+-------+-----
Short Blades   | 3 |  3.3
Fighting       | 3 |  3.2
Armour         | |  1.8
Dodging        | |  1.8

Action                   || total
-------------------------++-------
Melee: Short sword       ||    69
       Bite              ||    13
Invok: Berserk           ||     2
  Eat: Chunk             ||     1
Armor: Scale mail        ||    26
Dodge: Dodged            ||    50

Table legend:
 A = Non-vault XP
 B = Vault XP
 C = Vault XP percentage of total XP
 D = Non-vault monster count
 E = Vault monster count
 F = Vault count percentage of total count
                 A         B        C        D         E       F
            +---------+---------+-------+---------+---------+-------
      Total |      25 |      36 |  59.0 |      14 |       1 |   6.7
            +---------+---------+-------+---------+---------+-------
        D:1 |      21 |       0 |   0.0 |      12 |       0 |   0.0
        D:3 |       4 |      36 |  90.0 |       2 |       1 |  33.3
            +---------+---------+-------+---------+---------+-------
